 Dungeon Crawl Stone Soup version 0.22-a0-779-g6f83d72c62 (webtiles) character file.

605 Mirvelgyr the Slasher (level 7, -3/54 HPs)
             Began as a Formicid Fighter on July 19, 2018.
             Slain by a water moccasin (6 damage)
             ... on level 5 of the Dungeon.
             The game lasted 00:09:53 (4593 turns).

Mirvelgyr the Slasher (Formicid Fighter)            Turns: 4593, Time: 00:09:54

Health: -3/54      AC:  9    Str: 23    XL:     7   Next: 70%
Magic:  0/7        EV:  6    Int:  7    God:
Gold:   131        SH:  9    Dex: 10    Spells: 6/6 levels left

rFire    . . .     SeeInvis +   a - +0 long sword
rCold    . . .     Gourm    .   c - +0 shield
rNeg     . . .     Faith    .   d - +0 chain mail
rPois    .         Spirit   +   (helmet unavailable)
rElec    .         Reflect  .   r - scarf {Spirit}
rCorr    .         Harm     .   (no gloves)
MR       .....                  (no boots)
Stlth    ..........             (no amulet)
HPRegen  0.18/turn              (no ring)
MPRegen  0.10/turn              (no ring)

@: lethally poisoned (-3 -> -25)
A: permanent stasis, dig shafts and tunnels, four strong arms, antennae 3
a: Dig, Shaft Self


You were on level 5 of the Dungeon.
You were not hungry.

You visited 1 branch of the dungeon, and saw 5 of its levels.

You collected 131 gold pieces.

Inventory:

Hand Weapons
 a - a +0 long sword (weapon)
Armour
 c - a +0 shield (worn)
 d - a +0 chain mail (worn)
 h - a +0 cloak
 r - a scarf of spirit shield (worn)
Wands
 o - a wand of flame (30)
Scrolls
 e - a scroll of random uselessness {unknown}
 i - 2 scrolls of immolation {unknown}
 j - a scroll of fog {unknown}
 k - 3 scrolls of identify {unknown}
 m - 2 scrolls of teleportation {unknown}
 p - 3 scrolls of remove curse {unknown}
Potions
 b - a potion of curing {unknown}
 g - a potion of mutation {unknown}
 l - a potion of degeneration {unknown}
 n - a potion of agility {unknown}
 s - a potion of magic {unknown}
Comestibles
 f - 5 rations


   Skills:
 - Level 4.0 Fighting
 + Level 7.1 Long Blades
 - Level 4.0 Armour
 - Level 4.3 Shields


You had 6 spell levels left.
You didn't know any spells.
Your spell library was empty.

Dungeon Overview and Level Annotations

Branches:
Dungeon (5/15)
 Temple: D:4-7

Altars:
Elyvilon
Makhleb
Qazlal
Trog
Uskayaw
Yredelemnul
The Shining One


Innate Abilities, Weirdness & Mutations

You cannot be hasted, slowed, berserked, paralysed or teleported.
You can dig through walls and to a lower floor.
Your four strong arms can wield two-handed weapons with a shield.
You have a pair of large antennae on your head. (SInv)


Message History

You barely miss the water moccasin.
The water moccasin is heavily wounded.
You feel sick. The water moccasin bites you.
* * * LOW HITPOINT WARNING * * *
You miss the water moccasin.
The water moccasin is heavily wounded.
You feel sick. The water moccasin bites you. x2
* * * LOW HITPOINT WARNING * * *
You miss the water moccasin.
The water moccasin is heavily wounded.
You feel sick. The water moccasin bites you.
* * * LOW HITPOINT WARNING * * *
You are more poisoned.
The water moccasin poisons you! You block the water moccasin's attack.
You miss the water moccasin.
The water moccasin is heavily wounded.
* * * LOW HITPOINT WARNING * * *
You feel very sick. The water moccasin bites you!
You die...

{.# . .#
#. {
###..#
#.#
###<...#
#.>.
#...##.#
#..##.###
#....####
#.#.....#
#
#@###...#
{ #.S.#
...#
#.### ..
... ##. {
#. . ..


You could see a water moccasin.

Vanquished Creatures
  Edmund (D:4)
  An ogre (D:4)
  2 scorpions (D:4)
  An orc wizard (D:4)
  Crazy Yiuf (D:2)
  Natasha (thrice) (D:4)
  Robin (D:3)
  3 adders (D:3)
  An ooze (D:1)
  3 worms (D:2)
  3 dart slugs
  7 leopard geckos
  10 orcs
  5 bats
  2 giant cockroaches
  12 goblins
  13 hobgoblins
  3 jackals (D:2)
  10 kobolds
  A quokka (D:4)
  A ball python (D:4)
  4 frilled lizards
  11 rats
99 creatures vanquished.

Notes
Turn   | Place    | Note
-------+----------+-------------------------------------------
     0 | D:1      | Mirvelgyr the Formicid Fighter began the quest for the Orb.
     0 | D:1      | Reached XP level 1. HP: 18/18 MP: 1/1
    33 | D:1      | Reached XP level 2. HP: 22/24 MP: 2/2
   255 | D:1      | Reached XP level 3. HP: 21/29 MP: 3/3
   795 | D:2      | Found a hide-covered altar of Uskayaw.
   811 | D:2      | Found a faded altar of an unknown god.
   858 | D:2      | Found a burning altar of Makhleb.
  1294 | D:2      | Found a runed door.
  1368 | D:2      | Noticed a moth of wrath
  1371 | D:2      | Found a bloodstained altar of Trog.
  1391 | D:2      | Reached XP level 4. HP: 34/37 MP: 4/4
  1433 | D:2      | Reached skill level 3 in Long Blades
  2015 | D:2      | Found a white marble altar of Elyvilon.
  2146 | D:2      | Noticed Crazy Yiuf
  2158 | D:2      | Killed Crazy Yiuf
  2360 | D:3      | Reached XP level 5. HP: 39/42 MP: 5/5
  2486 | D:3      | Noticed Robin
  2807 | D:3      | Killed Robin
  2809 | D:3      | Reached skill level 4 in Long Blades
  3225 | D:4      | Reached XP level 6. HP: 25/48 MP: 6/6
  3367 | D:4      | Found a basalt altar of Yredelemnul.
  3374 | D:4      | Noticed Edmund
  3407 | D:4      | Killed Edmund
  3407 | D:4      | Reached skill level 5 in Long Blades
  3737 | D:4      | Noticed Natasha
  3758 | D:4      | Reached skill level 6 in Long Blades
  3758 | D:4      | Reached XP level 7. HP: 43/54 MP: 7/7
  3774 | D:4      | Killed Natasha
  3957 | D:4      | Noticed Natasha
  3977 | D:4      | Killed Natasha
  4099 | D:4      | Noticed Natasha
  4136 | D:4      | Killed Natasha
  4330 | D:4      | Found a glowing golden altar of the Shining One.
  4330 | D:4      | Found a stormy altar of Qazlal.
  4393 | D:4      | Reached skill level 7 in Long Blades
  4558 | D:5      | Entered Level 5 of the Dungeon
  4563 | D:5      | Noticed a water moccasin
  4593 | D:5      | Slain by a water moccasin

Vault maps used:
D:1:      dpeg_arrival_simpleton_c
D:2:      nicolae_overflow_hidden_temple, tgw_trog, lemuel_crystal_altar,
          lemuel_crystal_altar, chequers_ecumenical_altar_simple_redux,
          hangedman_decor_riveting, uniq_crazy_yiuf_cottage
D:3:      uniq_robin
D:4:      overflow_temple_1_default, gammafunk_temple_overflow_pools,
          first_ration, uniq_natasha, uniq_edmund
D:5:      tgw_xom, minmay_temple_entry_mist, lightli_corner_chamber

Skill      XL: |  1  2  3  4  5  6  7 |
---------------+----------------------+-----
Shields        | 4 |  4.3
Long Blades    | 3 4 6 7 |  7.1
Fighting       | 4 |  4.0
Armour         | 4 |  4.0

Action                   |  1- 3 |  4- 6 |  7- 9 || total
-------------------------+-------+-------+-------++-------
Melee: Long sword        |   106 |   238 |   121 ||   465
 Abil: Dig               |       |     2 |       ||     2
  Use: Potion            |       |     1 |       ||     1
  Eat: Chunk             |     2 |     8 |     2 ||    12
       Ration            |       |       |     1 ||     1
Armor: Scale mail        |    28 |    60 |       ||    88
       Chain mail        |       |    10 |    50 ||    60
Dodge: Dodged            |    22 |    69 |    24 ||   115
Block: Shield            |    43 |   117 |    54 ||   214
       Rpst.: Long sword |     8 |    20 |     5 ||    33

Table legend:
 A = Spawn XP
 B = Non-spawn XP
 C = Spawn XP percentage of total XP
 D = Spawn monster count
 E = Non-spawn monster count
 F = Spawn count percentage of total count
 G = Total turns spent on level
                    A         B        C        D         E        F      G
               +---------+---------+-------+---------+---------+-------+---------
         Total |       0 |     865 |   0.0 |       0 |      99 |   0.0 |  4593
               +---------+---------+-------+---------+---------+-------+---------
           D:1 |       0 |      40 |   0.0 |       0 |      21 |   0.0 |   795
           D:2 |       0 |      98 |   0.0 |       0 |      25 |   0.0 |  1560
           D:3 |       0 |     114 |   0.0 |       0 |      34 |   0.0 |   827
           D:4 |       0 |     613 |   0.0 |       0 |      19 |   0.0 |  1376
               +---------+---------+-------+---------+---------+-------+---------
